 Dungeon Crawl Stone Soup version 0.31-a0-237-g2d982f9f85 (webtiles) character file.

Game seed: 10685202257579835870

150 qw the Shooter (level 5, 0/30 HPs)
             Began as a Gargoyle Hexslinger on July 11, 2023.
             Slain by a wight
             ... wielding a +0 spear
              (5 damage)
             ... on level 4 of the Dungeon.
             The game lasted 00:00:58 (2207 turns).

qw the Shooter (Gargoyle Hexslinger)                Turns: 2207, Time: 00:00:59

Health: 0/30       AC:  9    Str: 12    XL:     5   Next: 32%
Magic:  6/6        EV: 10    Int: 13    God:
Gold:   146        SH:  0    Dex: 14    Spells: 5/6 levels left

rFire   . . .        Y - +1 sling
rCold   . . .        (no shield)
rNeg    + . .        h - +0 ring mail
rPois   inf          (no helmet)
rElec   +            (no cloak)
rCorr   .            (no gloves)
SInv    .            (no boots)
Will    .....        (no amulet)
Stlth   +            (no ring)
HPRegen 0.25/turn    (no ring)
MPRegen 0.10/turn

%: no passive effects
@: about to teleport
A: sickness immunity, AC +4, negative energy resistance 1, electricity
resistance, torment resistance 1, petrification resistance
a: no special abilities


You were on level 4 of the Dungeon.
You visited 1 branch of the dungeon, and saw 4 of its levels.

You collected 146 gold pieces.


Innate Abilities, Weirdness & Mutations

You are immune to sickness and miasma.
Your stone body is resilient. (AC +4)
You are immune to poison.
You resist negative energy. (rN+)
You are resistant to electric shocks. (rElec)
You are resistant to unholy torment.
You are immune to petrification.


   Skills:
 - Level 2.0 Fighting
 + Level 4.8 Ranged Weapons
 - Level 1.3 Armour
 - Level 1.5 Dodging
 - Level 1.0 Spellcasting
 - Level 2.6 Hexes


You had 5 spell levels left.
You knew the following spells:

 Your Spells              Type           Power      Damage    Failure   Level
a - Slow                  Hex            28%        N/A       21%         1

Your spell library contained the following spells:

 Spells                   Type           Power      Damage    Failure   Level
 Inner Flame              Hex/Fire       4%         N/A       71%         3
 Portal Projectile        Hex/Tloc       8%         N/A       71%         3
 Cause Fear               Hex            3%         N/A       90%         4

Inventory:

Hand Weapons
 Y - a +1 sling (weapon)
Armour
 h - a +0 ring mail (worn)
Scrolls
 d - a scroll of identify {unknown}
 f - 2 scrolls of teleportation
Potions
 a - a potion of haste {unknown}
 b - a potion of cancellation {unknown}
 c - a potion of curing {unknown}

Dungeon Overview and Level Annotations

Branches:
Dungeon (4/15)
 Temple: D:4-7

Altars:
Makhleb


Message History

You shoot a sling bullet.
The sling bullet barely misses the giant cockroach.
You shoot a sling bullet.
The sling bullet completely misses the giant cockroach.
You shoot a sling bullet.
The sling bullet hits the giant cockroach.
You kill the giant cockroach!
A ball python comes into view.
The ball python hisses angrily.
You shoot a sling bullet. The sling bullet hits the ball python.
You kill the ball python!
You see here a ball python corpse. 2 wights come into view.
Enter note: You shoot a sling bullet.
The sling bullet barely misses the wight.
You shoot a sling bullet. The sling bullet hits the wight.
The wight is lightly damaged.
You shoot a sling bullet. The sling bullet hits the wight.
The wight is lightly damaged.
You shoot a sling bullet.
The sling bullet barely misses the wight.
The wight hits you from afar with a +0 spear!
You shoot a sling bullet. The sling bullet hits the wight.
The wight is moderately damaged.
The wight hits you with a +4 flail.
The wight hits you from afar with a +0 spear.
The wight closely misses you. The wight hits you with a +4 flail.
You shoot a sling bullet. The sling bullet hits the wight.
The wight is moderately damaged.
The wight closely misses you. The wight hits you with a +4 flail.
2206 ||| READING 3 scrolls of teleportation.
As you read the scroll of teleportation, it crumbles to dust.
You feel strangely unstable.
The wight hits you from afar with a +0 spear.
The wight barely misses you.
You shoot a sling bullet.
The sling bullet barely misses the wight.
The wight hits you from afar with a +0 spear.
You die...

### ### #.# #.# ###.#
#.#############
....#####.............#
###.......###########.#
###################.#
......z@...%.#
.....z.####### .......
#########.#.....
#>..>.... #.####
.....###### #.........#
#..#...##.#.##
#............z


You could see 2 wights.

Vanquished Creatures
  A hound (D:4)
  5 adders
  A worm (D:2)
  A dart slug (D:1)
  An orc (D:4)
  10 ball pythons
  5 bats
  5 endoplasms
  5 giant cockroaches
  11 goblins
  5 hobgoblins
  6 kobolds
  A quokka (D:1)
  3 frilled lizards
  3 rats
63 creatures vanquished.

Notes
Turn   | Place    | Note
-------+----------+-------------------------------------------
     0 | D:1      | qw the Gargoyle Hexslinger began the quest for the Orb.
     0 | D:1      | Reached XP level 1. HP: 12/12 MP: 2/2
     0 | D:1      | 0 ||| qw: Version: 0.3-a-52-g30416fa
     0 | D:1      | 0 ||| qw: Game counter: 5534
     0 | D:1      | 0 ||| qw: Melee chars always use a shield: true
     0 | D:1      | 0 ||| qw: God list: Okawaru
     0 | D:1      | 0 ||| qw: Allow faded altars: false
     0 | D:1      | 0 ||| qw: Do Orc after clearing Dungeon:15 true
     0 | D:1      | 0 ||| qw: Do second Lair branch before Depths: true
     0 | D:1      | 0 ||| qw: Lair rune preference: random
     0 | D:1      | 0 ||| qw: Goals: Normal
     0 | D:1      | 0 ||| PLANNING D:1-11
    42 | D:1      | HP: 3/12 [hobgoblin (2)]
   109 | D:1      | Reached XP level 2. HP: 16/16 MP: 3/3
   200 | D:1      | Reached skill level 3 in Ranged Weapons
   367 | D:1      | Reached XP level 3. HP: 21/21 MP: 4/4
   525 | D:1      | 525 ||| UPGRADING to +0 leather armour.
   535 | D:1      | 535 ||| DROPPING +0 robe.
   536 | D:1      | 536 ||| UPGRADING to +0 ring mail.
   546 | D:1      | 546 ||| DROPPING +0 leather armour.
   547 | D:1      | 547 ||| READING scroll labelled NIDURE RO INTU.
   548 | D:1      | 548 ||| READING scroll labelled METEKL BICOQ.
   553 | D:1      | 553 ||| READING scroll labelled OKEM DAELYNG.
   554 | D:1      | 554 ||| DROPPING scroll of poison.
   770 | D:2      | Reached XP level 4. HP: 22/26 MP: 5/5
   892 | D:2      | Reached skill level 4 in Ranged Weapons
  1051 | D:2      | Found a faded altar of an unknown god.
  1190 | D:2      | 1190 ||| READING 2 scrolls labelled KEIN CU VEEBOI.
  1191 | D:2      | 1191 ||| READING scroll labelled MIMERRA JO XECAL.
  1192 | D:2      | 1192 ||| READING scroll labelled NENLUNK CODAUN.
  1193 | D:2      | 1193 ||| DROPPING scroll of amnesia.
  1435 | D:3      | Reached skill level 1 in Armour
  1725 | D:3      | Found a burning altar of Makhleb.
  2094 | D:4      | Reached XP level 5. HP: 17/30 MP: 6/6
  2126 | D:4      | 2126 ||| FLEEEEING.
  2205 | D:4      | HP: 7/30 [wight/+4 flail (4)]
  2206 | D:4      | 2206 ||| READING 3 scrolls of teleportation.
  2207 | D:4      | Slain by a wight

Levels and vault maps discovered:
D:1:      minmay_arrival_stone_box, layout_rooms
D:2:      layout_rooms, dreamdust_ecumenical_altar_angels_and_demons
D:3:      layout_loops_corners, mainiacjoe_overflow_concentric_impassable
D:4:      layout_basic, uniq_eustachio

Skill      XL: |  1  2  3  4 |
---------------+-------------+-----
Ranged Weapons | 3 4 |  4.8
Fighting       | 2 |  2.0
Armour         | 1 |  1.3
Dodging        | |  1.5
Spellcasting   | |  1.0
Hexes          | |  2.6

Action                     |  1- 3 |  4- 6 || total
---------------------------+-------+-------++-------
   Fire: Sling             |   130 |   107 ||   237
    Use: Scroll            |     3 |     4 ||     7
 Armour: Robe              |     9 |       ||     9
         Ring mail         |    21 |    48 ||    69
  Dodge: Dodged            |    42 |    44 ||    86

Table legend:
 A = Non-vault XP
 B = Vault XP
 C = Vault XP percentage of total XP
 D = Non-vault monster count
 E = Vault monster count
 F = Vault count percentage of total count
                 A         B        C        D         E       F
            +---------+---------+-------+---------+---------+-------
      Total |     215 |       0 |   0.0 |      63 |       0 |   0.0
            +---------+---------+-------+---------+---------+-------
        D:1 |      40 |       0 |   0.0 |      22 |       0 |   0.0
        D:2 |      70 |       0 |   0.0 |      20 |       0 |   0.0
        D:3 |      30 |       0 |   0.0 |      10 |       0 |   0.0
        D:4 |      75 |       0 |   0.0 |      11 |       0 |   0.0
            +---------+---------+-------+---------+---------+-------
